[Event "Ujir Singh Thapa Memorial 2080"]
[Site "Butwal"]
[Date "2024.04.07"]
[Round "5.7"]
[White "Vipul Subhashi"]
[Black "Khadka, Govinda"]
[Result "1-0"]
[ECO "B90"]
[WhiteElo "1971"]
[BlackElo "1729"]
[Annotator "RC"]
[PlyCount "67"]
[EventDate "2024.04.03"]
[EventType "swiss"]
[EventCountry "NEP"]
[SourceTitle "playchess.com"]
[Source "ChessBase"]
[SourceQuality "1"]
[TimeControl "3600+30"]

1. e4 c5 2. Nf3 d6 3. d4 cxd4 4. Nxd4 Nf6 5. Nc3 a6 6. h3 Nc6 7. Be3 Qc7 8. g4 e6 9. Bg2 Be7 10. Nb3 Ne5 11. O-O Bd7 12. Nd2 b5 13. f4 Nc4 14. Nxc4 Qxc4 15. e5 Nd5 16. Nxd5 exd5 17. Bxd5 Qc8 18. exd6 Bh4 19. Qf3 O-O 20. Bxa8 Qxa8 21. Qxa8 Rxa8 22. Bf2 Bf6 23. c3 Rc8 24. g5 Bd8 25. Kh2 f6 26. h4 Rc4 27. Be3 Kf7 28. Rad1 Re4 29. Rde1 Rc4 30. Bb6 Bxb6 31. Re7+ Kg6 32. Rxd7 fxg5 33. hxg5 Re4 34. Re7 1-0

[Event "Ujir Singh Thapa Memorial 2080"]
[Site "Butwal"]
[Date "2024.04.08"]
[Round "6.1"]
[White "Jaiswal, Rupesh"]
[Black "Rishabh Nishad"]
[Result "1-0"]
[ECO "A40"]
[WhiteElo "1969"]
[BlackElo "1953"]
[Annotator "RC"]
[PlyCount "93"]
[EventDate "2024.04.03"]
[EventType "swiss"]
[EventCountry "NEP"]
[SourceTitle "playchess.com"]
[Source "ChessBase"]
[SourceQuality "1"]
[TimeControl "3600+30"]

1. d4 f5 2. Bf4 Nf6 3. e3 e6 4. Nf3 b6 5. c4 Bb7 6. Nc3 Bb4 7. Qb3 Bxc3+ 8. Qxc3 Ne4 9. Qc2 d6 10. Bd3 Nd7 11. h3 O-O 12. O-O Qe7 13. Rfe1 e5 14. Bh2 Ng5 15. Nxg5 Qxg5 16. f4 Qf6 17. fxe5 dxe5 18. Rf1 e4 19. Be2 c5 20. Rad1 Rad8 21. dxc5 Nxc5 22. Rxd8 Rxd8 23. Rd1 Rxd1+ 24. Qxd1 h6 25. Qd4 Qxd4 26. exd4 Na4 27. b3 Nc3 28. Kf2 Nxa2 29. Bb8 a6 30. Bc7 Nc1 31. Bxb6 f4 32. d5 Nxb3 33. Bg4 h5 34. Be6+ Kf8 35. d6 e3+ 36. Ke1 Bc6 37. d7 Bxd7 38. Bxd7 Ke7 39. Ba4 Nd2 40. c5 Nc4 41. Ba7 g5 42. c6 Kd8 43. Bb3 Ne5 44. Bb6+ Ke7 45. c7 Nd3+ 46. Kf1 f3 47. gxf3 1-0

[Event "Ujir Singh Thapa Memorial 2080"]
[Site "Butwal"]
[Date "2024.04.08"]
[Round "6.2"]
[White "Tamang, Sudip"]
[Black "Maharjan, Sajin"]
[Result "1/2-1/2"]
[ECO "B36"]
[WhiteElo "1916"]
[BlackElo "1930"]
[Annotator "RC"]
[PlyCount "98"]
[EventDate "2024.04.03"]
[EventType "swiss"]
[EventCountry "NEP"]
[SourceTitle "playchess.com"]
[Source "ChessBase"]
[SourceQuality "1"]
[TimeControl "3600+30"]

1. e4 c5 2. Nf3 g6 3. d4 cxd4 4. Nxd4 Nc6 5. c4 Nf6 6. Nc3 Nxd4 7. Qxd4 d6 8. Be2 Bg7 9. Be3 O-O 10. Qd3 a5 11. O-O a4 12. Bd4 Bd7 13. b4 Rc8 14. a3 e5 15. Be3 Be6 16. Nd5 Nxd5 17. cxd5 Bd7 18. b5 f5 19. f3 fxe4 20. fxe4 Rxf1+ 21. Rxf1 Qa5 22. Bd2 Qb6+ 23. Be3 Qa5 24. h3 Rc3 25. Qd2 b6 26. Rf2 Rxa3 27. Qxa5 bxa5 28. Bd2 Rb3 29. Bc4 Rb1+ 30. Rf1 Rb2 31. Bxa5 Bxb5 32. Bc3 Bxc4 33. Bxb2 Bxf1 34. Kxf1 Kf7 35. Ke2 Ke7 36. Kd3 Kd7 37. Kc4 Kc7 38. Kb5 Kb7 39. Ba3 Bf8 40. Kxa4 Kb6 41. Kb4 Be7 42. Kc4 Bf8 43. Bc1 Be7 44. Bd2 Ka6 45. Be3 Ka5 46. g3 Ka6 47. h4 h5 48. Bd2 Kb6 49. Bb4 Ka6 1/2-1/2

[Event "Ujir Singh Thapa Memorial 2080"]
[Site "Butwal"]
[Date "2024.04.08"]
[Round "6.3"]
[White "Raghav, Srivathsav V"]
[Black "Sinha, Sudhir Kumar"]
[Result "0-1"]
[ECO "A04"]
[WhiteElo "1983"]
[BlackElo "1968"]
[Annotator "RC"]
[PlyCount "82"]
[EventDate "2024.04.03"]
[EventType "swiss"]
[EventCountry "NEP"]
[SourceTitle "playchess.com"]
[Source "ChessBase"]
[SourceQuality "1"]
[TimeControl "3600+30"]

1. Nf3 c5 2. b3 d6 3. Bb2 e5 4. d3 g6 5. g3 Bg7 6. Bg2 Ne7 7. O-O Nbc6 8. e4 O-O 9. Nfd2 Be6 10. Nc3 Qd7 11. Nc4 f5 12. exf5 gxf5 13. f4 exf4 14. gxf4 d5 15. Nd2 Ng6 16. Qh5 Nd4 17. Rac1 Bf7 18. Qh3 Qd6 19. Rf2 Rad8 20. Rcf1 Rfe8 21. Kh1 Nxc2 22. Nb5 Qb6 23. Bxg7 Kxg7 24. a4 Ne3 25. Rg1 Ng4 26. Qg3 c4 27. Rf3 Re2 28. Nf1 cxb3 29. h3 Nf2+ 30. Kh2 Rde8 31. Nc3 Rc2 32. Ne3 Rxe3 33. Rxe3 d4 34. Re7 dxc3 35. Rxb7 Qxb7 36. Bxb7 Ne4+ 37. Qg2 Rxg2+ 38. Rxg2 c2 39. dxe4 c1=Q 40. exf5 Qxf4+ 41. Kh1 Qxf5 0-1

[Event "Ujir Singh Thapa Memorial 2080"]
[Site "Butwal"]
[Date "2024.04.08"]
[Round "6.4"]
[White "Harsh, Himanshu"]
[Black "Vipul Subhashi"]
[Result "0-1"]
[ECO "B42"]
[WhiteElo "1855"]
[BlackElo "1971"]
[Annotator "RC"]
[PlyCount "76"]
[EventDate "2024.04.03"]
[EventType "swiss"]
[EventCountry "NEP"]
[SourceTitle "playchess.com"]
[Source "ChessBase"]
[SourceQuality "1"]
[TimeControl "3600+30"]

1. e4 c5 2. Nf3 e6 3. d4 cxd4 4. Nxd4 a6 5. Bd3 Qc7 6. O-O Nf6 7. c4 Bc5 8. Nb3 Ba7 9. Qe2 Nc6 10. Be3 Bxe3 11. Qxe3 Ne5 12. N1d2 Nxd3 13. Qxd3 b6 14. Qg3 Qxg3 15. hxg3 d6 16. a4 Bb7 17. Rfe1 a5 18. Nd4 Ke7 19. f3 Nd7 20. Kf2 Rhc8 21. Ke3 Ba6 22. Rec1 Nc5 23. b3 Bb7 24. Rh1 h6 25. Rac1 Nd7 26. Nb1 Rc5 27. Nc3 Rd8 28. Rhd1 Rg5 29. Kf2 Nf6 30. Ncb5 Rc5 31. Re1 Nd7 32. Rcd1 Ne5 33. Rd2 g6 34. Nc3 f5 35. exf5 gxf5 36. Rh1 Nf7 37. Nce2 d5 38. cxd5 Bxd5 0-1

[Event "Ujir Singh Thapa Memorial 2080"]
[Site "Butwal"]
[Date "2024.04.08"]
[Round "6.5"]
[White "Thapa, Krishna"]
[Black "Ashutosh, Kumar"]
[Result "1-0"]
[ECO "A32"]
[WhiteElo "1963"]
[BlackElo "1850"]
[Annotator "RC"]
[PlyCount "109"]
[EventDate "2024.04.03"]
[EventType "swiss"]
[EventCountry "NEP"]
[SourceTitle "playchess.com"]
[Source "ChessBase"]
[SourceQuality "1"]
[TimeControl "3600+30"]

1. d4 Nf6 2. Nf3 e6 3. g3 c5 4. c4 cxd4 5. Nxd4 Nc6 6. Bg2 Bb4+ 7. Bd2 Be7 8. Bc3 O-O 9. e4 Qc7 10. O-O d6 11. Na3 a6 12. Nxc6 bxc6 13. Nc2 e5 14. Qd2 a5 15. h3 Nd7 16. Ne3 Nc5 17. b3 Be6 18. Rad1 Rfd8 19. Kh2 Bg5 20. Qe2 Bxe3 21. Qxe3 Na6 22. f4 f6 23. Qd2 Nc5 24. g4 a4 25. b4 Na6 26. b5 Nc5 27. bxc6 Bxc4 28. Rg1 Nd3 29. Bf1 Qxc6 30. Bxd3 Bf7 31. Ba5 Rdb8 32. Rc1 Qd7 33. Rc7 Qe8 34. Rc2 exf4 35. Bc7 Qe5 36. Bxb8 f3+ 37. Rg3 Rxb8 38. Qe3 h5 39. gxh5 Bxh5 40. Rf2 d5 41. Qa7 Bf7 42. exd5 Rb2 43. Qa8+ Be8 44. Qa7 Bf7 45. d6 Rb4 46. Bh7+ Kf8 47. Qe7+ Qxe7 48. dxe7+ Kxe7 49. Rxg7 Kf8 50. Rg4 Rb5 51. Rxa4 f5 52. Rxf3 Be6 53. Bxf5 Rb2+ 54. Kg3 Bxa2 55. Rxa2 1-0

[Event "Ujir Singh Thapa Memorial 2080"]
[Site "Butwal"]
[Date "2024.04.08"]
[Round "6.6"]
[White "Dileep, Tripathi"]
[Black "Maharjan, Suroj"]
[Result "0-1"]
[ECO "A70"]
[WhiteElo "1783"]
[BlackElo "1918"]
[Annotator "RC"]
[PlyCount "78"]
[EventDate "2024.04.03"]
[EventType "swiss"]
[EventCountry "NEP"]
[SourceTitle "playchess.com"]
[Source "ChessBase"]
[SourceQuality "1"]
[TimeControl "3600+30"]

1. d4 Nf6 2. c4 c5 3. d5 d6 4. Nc3 g6 5. e4 Bg7 6. Bd3 O-O 7. h3 e6 8. Nf3 exd5 9. cxd5 b5 10. Nxb5 Nxe4 11. O-O f5 12. Qc2 Qb6 13. Na3 Ba6 14. Bxa6 Nxa6 15. Nc4 Qb7 16. Rd1 Nb4 17. Qb3 a5 18. Ne3 f4 19. Nf1 Qb5 20. N1d2 Nxd2 21. Rxd2 c4 22. Qd1 c3 23. Nd4 Bxd4 24. Rxd4 c2 25. Qd2 Rae8 26. Rxf4 Rxf4 27. Qxf4 Qxd5 28. a3 Nd3 29. Qd2 Re1+ 30. Kh2 Qe5+ 31. f4 Qxf4+ 32. Qxf4 Nxf4 33. b4 Nd3 34. bxa5 Nc5 35. a6 Nxa6 36. a4 d5 37. a5 d4 38. Ra4 Rxc1 39. Rxd4 Rd1 0-1

[Event "Ujir Singh Thapa Memorial 2080"]
[Site "Butwal"]
[Date "2024.04.08"]
[Round "6.7"]
[White "Divyanshu Kumar Singh"]
[Black "Chaulagain, Purushottam"]
[Result "*"]
[ECO "E04"]
[WhiteElo "1745"]
[BlackElo "1906"]
[Annotator "RC"]
[PlyCount "66"]
[EventDate "2024.04.03"]
[EventType "swiss"]
[EventCountry "NEP"]
[SourceTitle "playchess.com"]
[Source "ChessBase"]
[SourceQuality "1"]
[TimeControl "3600+30"]

1. d4 d5 2. c4 e6 3. Nf3 c6 4. g3 Nf6 5. Bg2 dxc4 6. Ne5 Nbd7 7. Nxc4 Bb4+ 8. Bd2 Bxd2+ 9. Nbxd2 Nb6 10. e3 O-O 11. O-O Qc7 12. Rc1 Rd8 13. Qe2 Bd7 14. e4 Be8 15. e5 Nfd5 16. Nd6 Qe7 17. f4 f5 18. g4 fxg4 19. f5 Bh5 20. fxe6 Rab8 21. N2e4 Qxe6 22. Nc5 Qe7 23. Nf5 Qe8 24. Qd2 Ne7 25. Nd6 Qg6 26. Be4 Qh6 27. Qxh6 gxh6 28. Ncxb7 Rd7 29. Nc5 Rdd8 30. Ne6 Rd7 31. Bxc6 Nxc6 32. Rxc6 Bg6 33. Rfc1 Re7 *

[Event "Ujir Singh Thapa Memorial 2080"]
[Site "Butwal"]
[Date "2024.04.08"]
[Round "7.1"]
[White "Sinha, Sudhir Kumar"]
[Black "Jaiswal, Rupesh"]
[Result "1/2-1/2"]
[ECO "B26"]
[WhiteElo "1968"]
[BlackElo "1969"]
[Annotator "RC"]
[PlyCount "47"]
[EventDate "2024.04.03"]
[EventType "swiss"]
[EventCountry "NEP"]
[SourceTitle "playchess.com"]
[Source "ChessBase"]
[SourceQuality "1"]
[TimeControl "3600+30"]

1. e4 c5 2. Nc3 d6 3. g3 g6 4. Bg2 Bg7 5. d3 Nc6 6. Be3 Rb8 7. Qd2 b5 8. Nge2 Nd4 9. O-O h5 10. h3 e6 11. Nd1 Nxe2+ 12. Qxe2 Ne7 13. c3 b4 14. Qd2 a5 15. Rc1 Ba6 16. f4 bxc3 17. bxc3 O-O 18. g4 hxg4 19. hxg4 f5 20. Rf3 c4 21. gxf5 gxf5 22. Rg3 cxd3 23. Bd4 Rf7 24. Ne3 1/2-1/2

[Event "Ujir Singh Thapa Memorial 2080"]
[Site "Butwal"]
[Date "2024.04.08"]
[Round "7.2"]
[White "Vipul Subhashi"]
[Black "Tamang, Sudip"]
[Result "1/2-1/2"]
[ECO "C54"]
[WhiteElo "1971"]
[BlackElo "1916"]
[Annotator "RC"]
[PlyCount "38"]
[EventDate "2024.04.03"]
[EventType "swiss"]
[EventCountry "NEP"]
[SourceTitle "playchess.com"]
[Source "ChessBase"]
[SourceQuality "1"]
[TimeControl "3600+30"]

1. e4 e5 2. Nf3 Nc6 3. Bc4 Nf6 4. d3 Bc5 5. c3 d6 6. O-O a5 7. d4 Ba7 8. dxe5 Nxe5 9. Nxe5 dxe5 10. Qf3 Qe7 11. Be3 Bxe3 12. Qxe3 O-O 13. Nd2 Be6 14. Rfe1 Rfe8 15. Bxe6 Qxe6 16. Nf1 Red8 17. Ng3 Ng4 18. Qe2 g6 19. h3 Nf6 1/2-1/2

[Event "Ujir Singh Thapa Memorial 2080"]
[Site "Butwal"]
[Date "2024.04.08"]
[Round "7.3"]
[White "Maharjan, Suroj"]
[Black "Thapa, Krishna"]
[Result "1/2-1/2"]
[ECO "E61"]
[WhiteElo "1918"]
[BlackElo "1963"]
[Annotator "RC"]
[PlyCount "47"]
[EventDate "2024.04.03"]
[EventType "swiss"]
[EventCountry "NEP"]
[SourceTitle "playchess.com"]
[Source "ChessBase"]
[SourceQuality "1"]
[TimeControl "3600+30"]

1. c4 c5 2. Nc3 Nf6 3. g3 g6 4. Bg2 Bg7 5. e3 Nc6 6. d4 cxd4 7. exd4 d6 8. h3 O-O 9. Nge2 Bf5 10. O-O Qc8 11. g4 Bd7 12. Be3 h5 13. g5 Nh7 14. Kh2 e5 15. d5 Nd4 16. b3 h4 17. Nxd4 exd4 18. Bxd4 Nxg5 19. Bxg7 Kxg7 20. Qd3 Re8 21. f4 Nh7 22. Ne2 Qc7 23. Qd4+ Kg8 24. Rae1 1/2-1/2

[Event "Ujir Singh Thapa Memorial 2080"]
[Site "Butwal"]
[Date "2024.04.08"]
[Round "7.4"]
[White "Rishabh Nishad"]
[Black "Divyanshu Kumar Singh"]
[Result "1-0"]
[ECO "B12"]
[WhiteElo "1953"]
[BlackElo "1745"]
[Annotator "RC"]
[PlyCount "49"]
[EventDate "2024.04.03"]
[EventType "swiss"]
[EventCountry "NEP"]
[SourceTitle "playchess.com"]
[Source "ChessBase"]
[SourceQuality "1"]
[TimeControl "3600+30"]

1. e4 c6 2. d4 d5 3. e5 c5 4. Nf3 Nc6 5. dxc5 Bg4 6. Bb5 e6 7. b4 Nge7 8. O-O a6 9. Ba4 Qc7 10. Re1 Ng6 11. h3 Bf5 12. Nd4 O-O-O 13. Bxc6 bxc6 14. Nxf5 exf5 15. Qd3 Kb7 16. Qxf5 Be7 17. Nd2 Nh4 18. Qd3 f5 19. Nb3 g5 20. Nd4 Qc8 21. g3 Ng6 22. Qxf5 Qb8 23. Bxg5 Rhf8 24. Bf6 Nxe5 25. Bxe5 1-0

[Event "Ujir Singh Thapa Memorial 2080"]
[Site "Butwal"]
[Date "2024.04.08"]
[Round "7.5"]
[White "Maharjan, Sajin"]
[Black "Vinayak Singh Yadav"]
[Result "1-0"]
[ECO "B23"]
[WhiteElo "1930"]
[BlackElo "1748"]
[Annotator "RC"]
[PlyCount "51"]
[EventDate "2024.04.03"]
[EventType "swiss"]
[EventCountry "NEP"]
[SourceTitle "playchess.com"]
[Source "ChessBase"]
[SourceQuality "1"]
[TimeControl "3600+30"]

1. e4 c5 2. Nc3 Nc6 3. f4 e6 4. Nf3 d5 5. Bb5 d4 6. Bxc6+ bxc6 7. Nb1 Nf6 8. d3 Be7 9. Nbd2 Ba6 10. Ne5 Bd6 11. Ndc4 Bxe5 12. Nxe5 Qc7 13. b3 Nd7 14. Nxd7 Qxd7 15. Qh5 Qd6 16. Ba3 Qxf4 17. Qxc5 Qc7 18. Qxd4 f6 19. O-O-O Kf7 20. g4 Rad8 21. Qf2 h6 22. h4 Qb6 23. Bc5 Qc7 24. Kb2 Qe5+ 25. Kb1 Qd4 26. Qf3 1-0

[Event "Ujir Singh Thapa Memorial 2080"]
[Site "Butwal"]
[Date "2024.04.08"]
[Round "7.6"]
[White "Prakhar Tripathi"]
[Black "Silwal, Purushottam"]
[Result "0-1"]
[ECO "B26"]
[WhiteElo "1599"]
[BlackElo "1932"]
[Annotator "RC"]
[PlyCount "58"]
[EventDate "2024.04.03"]
[EventType "swiss"]
[EventCountry "NEP"]
[SourceTitle "playchess.com"]
[Source "ChessBase"]
[SourceQuality "1"]
[TimeControl "3600+30"]

1. e4 c5 2. Nc3 Nc6 3. g3 g6 4. Bg2 Bg7 5. d3 d6 6. Be3 e5 7. Qd2 Be6 8. Nge2 Nd4 9. a4 Ne7 10. h3 O-O 11. f4 f5 12. O-O Qd7 13. Kh2 Rab8 14. b3 a6 15. Ra2 b5 16. axb5 axb5 17. fxe5 dxe5 18. Bxd4 cxd4 19. Nd1 f4 20. g4 g5 21. Ng1 h5 22. gxh5 g4 23. hxg4 Bxg4 24. Bh3 Bxh3 25. Nxh3 Qg4 26. Rg1 Qxh5 27. Ra7 Qh7 28. Qg2 Rb6 29. Qg4 Rf7 0-1

[Event "Ujir Singh Thapa Memorial 2080"]
[Site "Butwal"]
[Date "2024.04.08"]
[Round "7.7"]
[White "Regmi, Shikhar"]
[Black "Jamal Uddin"]
[Result "0-1"]
[ECO "D16"]
[WhiteElo "1731"]
[BlackElo "1989"]
[Annotator "RC"]
[PlyCount "67"]
[EventDate "2024.04.03"]
[EventType "swiss"]
[EventCountry "NEP"]
[SourceTitle "playchess.com"]
[Source "ChessBase"]
[SourceQuality "1"]
[TimeControl "3600+30"]

1. d4 d5 2. Nf3 Nf6 3. c4 c6 4. Nc3 dxc4 5. a4 Bf5 6. e3 Na6 7. Nh4 Bg4 8. Nf3 e6 9. Bxc4 Nb4 10. O-O Bf5 11. Ne1 Bg6 12. Nd3 a5 13. Nxb4 axb4 14. Ne2 Bd6 15. Ng3 Qc7 16. Bd3 Bxd3 17. Qxd3 h5 18. e4 h4 19. e5 hxg3 20. exd6 gxh2+ 21. Kh1 Qxd6 22. Bg5 Nd5 23. a5 Nc7 24. Rfe1 Nb5 25. Re4 Rh5 26. Bf4 Qd7 27. Qd2 Rd5 28. Qxb4 Nxd4 29. Qc4 Nf5 30. b4 Rd1+ 31. Re1 Rd4 32. Qc1 Rxb4 33. Bxh2 Rb5 34. Rd1 0-1

[Event "Ujir Singh Thapa Memorial 2080"]
[Site "Butwal"]
[Date "2024.04.08"]
[Round "8.1"]
[White "Jaiswal, Rupesh"]
[Black "Maharjan, Sajin"]
[Result "1/2-1/2"]
[ECO "B31"]
[WhiteElo "1969"]
[BlackElo "1930"]
[Annotator "RC"]
[PlyCount "123"]
[EventDate "2024.04.03"]
[EventType "swiss"]
[EventCountry "NEP"]
[SourceTitle "playchess.com"]
[Source "ChessBase"]
[SourceQuality "1"]
[TimeControl "3600+30"]

1. e4 c5 2. Nf3 Nc6 3. Bb5 Nf6 4. Nc3 g6 5. O-O Bg7 6. d3 O-O 7. h3 Ne8 8. Re1 Nc7 9. Bc4 Na5 10. Bb3 Nxb3 11. axb3 Ne6 12. Be3 d6 13. Qd2 Re8 14. Nd1 Nd4 15. Nh2 f5 16. b4 e5 17. f3 Bd7 18. Ra3 Qc8 19. bxc5 dxc5 20. exf5 gxf5 21. c3 Nb5 22. Ra1 Qc6 23. Bf2 Nc7 24. Ne3 Rad8 25. Rxa7 Be6 26. Qc2 Na6 27. Nc4 Bxc4 28. dxc4 Qb6 29. Rxa6 bxa6 30. b4 Qe6 31. Bxc5 Qxc4 32. Qxf5 Qxc3 33. Re2 Qd3 34. Re4 Qb1+ 35. Kf2 Qa2+ 36. Kg3 Qe6 37. Qg5 Qg6 38. Qxg6 hxg6 39. Ng4 Kf7 40. Re2 Rd5 41. Ra2 Re6 42. Nf2 Bf8 43. Ne4 Rc6 44. Kg4 Bxc5 45. bxc5 Rd8 46. Kg5 Ra8 47. Ra5 Kg7 48. Nd6 Rb8 49. g3 Rb3 50. Kg4 Rb4+ 51. Kg5 Rb3 52. Kg4 Rb4+ 53. Kg5 Rb3 54. Kg4 Rb4+ 55. Ne4 Rb5 56. Ra3 a5 57. Rd3 Ra6 58. Rc3 Rc6 59. Rd3 Ra6 60. Rc3 Rc6 61. Ra3 Ra6 62. Rd3 1/2-1/2

[Event "Ujir Singh Thapa Memorial 2080"]
[Site "Butwal"]
[Date "2024.04.08"]
[Round "8.2"]
[White "Rishabh Nishad"]
[Black "Sinha, Sudhir Kumar"]
[Result "0-1"]
[ECO "B45"]
[WhiteElo "1953"]
[BlackElo "1968"]
[Annotator "RC"]
[PlyCount "134"]
[EventDate "2024.04.03"]
[EventType "swiss"]
[EventCountry "NEP"]
[SourceTitle "playchess.com"]
[Source "ChessBase"]
[SourceQuality "1"]
[TimeControl "3600+30"]

1. e4 c5 2. Nf3 e6 3. d4 cxd4 4. Nxd4 Nc6 5. Nxc6 bxc6 6. Nc3 Nf6 7. e5 Nd5 8. Ne4 Qc7 9. f4 Qb6 10. c4 Bb4+ 11. Ke2 Ba6 12. Kf3 f5 13. exf6 Nxf6 14. Be3 Qa5 15. Nxf6+ gxf6 16. a3 Be7 17. c5 Bxf1 18. Rxf1 Qb5 19. b4 a5 20. Qd4 Rf8 21. Rfd1 Ra7 22. f5 e5 23. Qe4 axb4 24. axb4 Rb7 25. Rdb1 Bd8 26. g3 h5 27. Ra3 Rg8 28. Qh4 Rh8 29. Kf2 Kf7 30. Rbb3 Bc7 31. Rd3 Ke7 32. Bg5 Rf8 33. Bh6 Rf7 34. Qxh5 Bb8 35. Bd2 Qc4 36. Qe2 Ke8 37. Rac3 Qa2 38. Rc1 Ba7 39. Kf1 Qb2 40. Rd1 Qc2 41. Be1 Qa4 42. h4 Re7 43. Rd6 Rf7 44. Qh5 Qb5+ 45. Kg2 Kf8 46. Qh6+ Ke7 47. Qd2 Ke8 48. Qc2 Bb8 49. R6d3 Re7 50. Qa2 Kf8 51. Qd2 Qc4 52. Qe3 Ra7 53. Qh6+ Ke8 54. Qh8+ Kf7 55. Qxb8 Ra2+ 56. Bf2 Qe4+ 57. Rf3 Ra3 58. Qd6 Qxf3+ 59. Kg1 Ra2 60. Rf1 e4 61. Qd4 Rc2 62. Qe3 Qxe3 63. Bxe3 Re2 64. Bd4 e3 65. Rc1 Re4 66. Bc3 Rc4 67. Re1 Rc2 0-1

[Event "Ujir Singh Thapa Memorial 2080"]
[Site "Butwal"]
[Date "2024.04.08"]
[Round "8.3"]
[White "Jamal Uddin"]
[Black "Maharjan, Suroj"]
[Result "0-1"]
[ECO "A65"]
[WhiteElo "1989"]
[BlackElo "1918"]
[Annotator "RC"]
[PlyCount "108"]
[EventDate "2024.04.03"]
[EventType "swiss"]
[EventCountry "NEP"]
[SourceTitle "playchess.com"]
[Source "ChessBase"]
[SourceQuality "1"]
[TimeControl "3600+30"]

1. c4 Nf6 2. d4 c5 3. d5 d6 4. Nc3 g6 5. e4 Bg7 6. h3 O-O 7. Bd3 e6 8. Nge2 exd5 9. cxd5 Re8 10. O-O c4 11. Bc2 Na6 12. Be3 Bd7 13. Nd4 Nc5 14. f3 a5 15. a4 Rc8 16. Qd2 Na6 17. Ncb5 Bxb5 18. Nxb5 Nb4 19. Bb1 Nh5 20. Qf2 Qe7 21. g4 Nf6 22. Bb6 Ra8 23. Nc7 Nd7 24. Nxe8 Qxe8 25. Bd4 Ne5 26. Bc3 Qe7 27. Qe2 Qh4 28. Kg2 Ned3 29. Bxd3 Nxd3 30. f4 Bxc3 31. bxc3 Qf6 32. Qd2 Re8 33. g5 Qe7 34. Rae1 Nxe1+ 35. Rxe1 Qd7 36. e5 dxe5 37. fxe5 Rd8 38. d6 Qxa4 39. Rf1 Qc6+ 40. Kg3 b5 41. Rf6 b4 42. cxb4 c3 43. Qf2 c2 44. Rxf7 Qc3+ 45. Kg2 Qxe5 46. Rc7 Qxg5+ 47. Kh2 Qe5+ 48. Kg2 Qd5+ 49. Kg1 c1=Q+ 50. Rxc1 Qg5+ 51. Kh2 Qxc1 52. Qa2+ Kg7 53. Qd5 Qf4+ 54. Kg2 Qxd6 0-1

[Event "Ujir Singh Thapa Memorial 2080"]
[Site "Butwal"]
[Date "2024.04.08"]
[Round "8.4"]
[White "Silwal, Purushottam"]
[Black "Vipul Subhashi"]
[Result "0-1"]
[ECO "B40"]
[WhiteElo "1932"]
[BlackElo "1971"]
[Annotator "RC"]
[PlyCount "96"]
[EventDate "2024.04.03"]
[EventType "swiss"]
[EventCountry "NEP"]
[SourceTitle "playchess.com"]
[Source "ChessBase"]
[SourceQuality "1"]
[TimeControl "3600+30"]

1. e4 c5 2. Nf3 e6 3. b3 Nc6 4. Bb2 a6 5. c4 d6 6. d4 Nf6 7. d5 Ne7 8. dxe6 Bxe6 9. Bd3 Ng6 10. O-O Be7 11. Nc3 O-O 12. Nd5 Bxd5 13. exd5 Nd7 14. Re1 Bf6 15. Qc2 Bxb2 16. Qxb2 Nde5 17. Nxe5 Nxe5 18. Qc2 Qg5 19. Re3 f5 20. Rf1 f4 21. Rh3 g6 22. Be4 Rae8 23. Kh1 Re7 24. Rc3 Qf6 25. f3 Nf7 26. Qd2 Ng5 27. Bd3 Re3 28. Rcc1 Qd4 29. Rcd1 Rfe8 30. Bc2 Qf6 31. Rfe1 Qb2 32. Rxe3 Rxe3 33. h4 Nf7 34. Be4 Qf6 35. Qf2 Ne5 36. Re1 Rc3 37. Qd2 Nf7 38. Kg1 b5 39. cxb5 axb5 40. h5 b4 41. hxg6 hxg6 42. Bb1 Ne5 43. Rc1 Nxf3+ 44. gxf3 Qd4+ 45. Qxd4 Rxc1+ 46. Kg2 cxd4 47. Bxg6 Kg7 48. Be4 Ra1 0-1

[Event "Ujir Singh Thapa Memorial 2080"]
[Site "Butwal"]
[Date "2024.04.08"]
[Round "8.5"]
[White "Thapa, Krishna"]
[Black "Tamang, Sudip"]
[Result "1-0"]
[ECO "A34"]
[WhiteElo "1963"]
[BlackElo "1916"]
[Annotator "RC"]
[PlyCount "125"]
[EventDate "2024.04.03"]
[EventType "swiss"]
[EventCountry "NEP"]
[SourceTitle "playchess.com"]
[Source "ChessBase"]
[SourceQuality "1"]
[TimeControl "3600+30"]

1. c4 Nf6 2. Nc3 c5 3. Nf3 d5 4. cxd5 Nxd5 5. g3 Nc6 6. Bg2 Nc7 7. O-O e5 8. d3 Bd6 9. Be3 O-O 10. Ne4 Ne6 11. Rc1 Ncd4 12. Nxd6 Qxd6 13. Nd2 f6 14. Ne4 Qb6 15. Qd2 Bd7 16. Nc3 Bc6 17. f3 Rfd8 18. Bxd4 cxd4 19. Nb1 Bd5 20. b3 Qd6 21. Qb2 b5 22. Nd2 f5 23. Rc2 Rac8 24. Rfc1 Rxc2 25. Rxc2 Bb7 26. Qc1 a5 27. a4 b4 28. Nc4 Qd5 29. Nd2 Rf8 30. Rc4 Rd8 31. Qc2 g6 32. Qc1 Kg7 33. Qf1 f4 34. Qc1 Ba6 35. Rc2 Bb7 36. Bh3 Ng5 37. Bg4 h5 38. Rc5 Qd6 39. Rc7+ Kh8 40. Rxb7 hxg4 41. Qc7 Qxc7 42. Rxc7 gxf3 43. exf3 Rd5 44. Rc6 Kg7 45. Kf2 Kf7 46. g4 Ne6 47. Ne4 Ke7 48. h4 Rd8 49. Kg2 Ra8 50. Kh3 Kd7 51. Rd6+ Ke7 52. Rd5 Rc8 53. Rxe5 Kd7 54. Rd5+ Ke7 55. Rxa5 Rc3 56. Re5 Rxd3 57. Rxe6+ Kf7 58. Rf6+ Kg7 59. Rxf4 Rxb3 60. Kg3 Rd3 61. Nc5 Rc3 62. Ne6+ Kh7 63. Rxd4 1-0

[Event "Ujir Singh Thapa Memorial 2080"]
[Site "Butwal"]
[Date "2024.04.08"]
[Round "8.6"]
[White "Raghav, Srivathsav V"]
[Black "Kumar, Rohan"]
[Result "1-0"]
[ECO "D70"]
[WhiteElo "1983"]
[BlackElo "1813"]
[Annotator "RC"]
[PlyCount "70"]
[EventDate "2024.04.03"]
[EventType "swiss"]
[EventCountry "NEP"]
[SourceTitle "playchess.com"]
[Source "ChessBase"]
[SourceQuality "1"]
[TimeControl "3600+30"]

1. Nf3 d5 2. e3 g6 3. d4 Bg7 4. c4 Nf6 5. Nbd2 c6 6. b3 b6 7. Bb2 Bb7 8. Ne5 Nbd7 9. cxd5 cxd5 10. Bb5 a6 11. Bc6 Qc8 12. Rc1 Bxc6 13. Nxc6 Qb7 14. Ba3 Bf8 15. O-O e6 16. Bb2 Rc8 17. Ne5 Bd6 18. Nxd7 Qxd7 19. Qe2 b5 20. Rxc8+ Qxc8 21. Rc1 Qb7 22. e4 dxe4 23. d5 e5 24. Rc6 Kd7 25. f4 exf3 26. Rxd6+ Kxd6 27. Bxe5+ Ke7 28. Nxf3 Re8 29. Bxf6+ Kd7 30. Ne5+ Kd6 31. Nc4+ bxc4 32. Qxe8 cxb3 33. Qe5+ Kc5 34. d6+ Kc4 35. Qc3+ Kd5 1-0

[Event "Ujir Singh Thapa Memorial 2080"]
[Site "Butwal"]
[Date "2024.04.08"]
[Round "8.7"]
[White "Vinayak Singh Yadav"]
[Black "Phuyal, Aashish"]
[Result "1/2-1/2"]
[ECO "C55"]
[WhiteElo "1748"]
[BlackElo "1912"]
[Annotator "RC"]
[PlyCount "32"]
[EventDate "2024.04.03"]
[EventType "swiss"]
[EventCountry "NEP"]
[SourceTitle "playchess.com"]
[Source "ChessBase"]
[SourceQuality "1"]
[TimeControl "3600+30"]

1. e4 e5 2. Nf3 Nc6 3. Bc4 Be7 4. Nc3 Nf6 5. d3 d6 6. h3 O-O 7. O-O Na5 8. Bb3 Nxb3 9. axb3 c5 10. Bg5 Be6 11. Nh2 h6 12. Bxf6 Bxf6 13. Ng4 Bg5 14. Ne3 Bxe3 15. fxe3 Qg5 16. Qf3 a6 1/2-1/2